3147 views
Uploaded 2020-04-21 11:40:28
Game version 1.32.3
12:47 long 2on2 ladder game on (4)TidewaterGlades_LV
Saved by zebroni
3147 views
Uploaded 2020-04-21 11:40:28
Game version 1.32.3
12:47 long 2on2 ladder game on (4)TidewaterGlades_LV
44 units @ 6.3k
/ 0.6k
27 buildings @ 3.5k
/ 1.2k


| Healing Salve | 3 | 300 |
| Lesser Clarity Potion | 1 | 70 |
| Scroll of Speed | 2 | 100 |
| Potion of Healing | 1 | 150 |
| Scroll of Town Portal | 1 | 350 |
| total: | 8 | 970g |
| Peon | 7 | 525 | / | 0 |
| Grunt | 10 | 2000 | / | 0 |
| Shaman | 5 | 650 | / | 100 |
| total: | 22 | 3175g | / | 100w |
| Altar of Storms | 1 | 180 | / | 50 |
| Orc Burrow | 4 | 640 | / | 160 |
| Barracks | 1 | 180 | / | 50 |
| Voodoo Lounge | 1 | 130 | / | 30 |
| War Mill | 1 | 205 | / | 0 |
| Great Hall | 1 | 385 | / | 185 |
| Spirit Lodge | 1 | 150 | / | 150 |
| Stronghold | 1 | 315 | / | 190 |
| Fortress | 1 | 325 | / | 190 |
| total: | 10 | 1870g | / | 625w |
| 0:01 | Peon |
| 0:01 | Peon |
| 0:10 | Altar of Storms |
| 0:17 | Orc Burrow |
| 0:21 | Peon |
| 0:34 | Barracks |
| 0:42 | Peon |
| 1:04 | Peon |
| 1:29 | Peon |
| 1:39 | Orc Burrow |
| 1:50 | Grunt |
| 1:56 | Peon |
| 2:22 | Feral Spirit |
| 2:31 | Grunt |
| 2:37 | Voodoo Lounge |
| 3:05 | Stronghold |
| 3:24 | Grunt |
| 3:55 | Grunt |
| 3:56 | Orc Burrow |
| 5:33 | Spirit Lodge |
| 5:34 | Berserker Strength |
| 5:56 | Orc Burrow |
| 5:57 | War Mill |
| 6:21 | Chain Lighting |
| 6:27 | Grunt |
| 6:33 | War Stomp |
| 6:33 | Healing Salve |
| 6:34 | Healing Salve |
| 6:34 | Lesser Clarity Potion |
| 6:34 | Scroll of Speed |
| 7:10 | Shaman |
| 7:10 | Shaman |
| 7:13 | Grunt |
| 7:52 | Grunt |
| 8:09 | Fortress |
| 8:27 | Shaman |
| 8:35 | Shaman Adept Training |
| 9:02 | Grunt |
| 9:04 | Reinforced Defenses |
| 9:21 | Endurance Aura |
| 9:47 | Scroll of Town Portal |
| 9:49 | Healing Salve |
| 9:50 | Scroll of Speed |
| 9:51 | Potion of Healing |
| 10:30 | Great Hall |
| 11:03 | Shaman Master Training |
| 11:15 | Feral Spirit |
| 12:20 | War Stomp |
| 12:31 | Shaman |
| 12:31 | Shaman |
| 12:31 | Grunt |
| 12:31 | Grunt |


| Lesser Clarity Potion | 1 | 70 |
| Scroll of Regeneration | 1 | 100 |
| Scroll of Town Portal | 1 | 350 |
| total: | 3 | 520g |
| Peasant | 10 | 750 | / | 0 |
| Rifleman | 8 | 1640 | / | 240 |
| Mortar Team | 4 | 720 | / | 280 |
| total: | 22 | 3110g | / | 520w |
| Scout Tower | 2 | 60 | / | 40 |
| Arcane Tower | 1 | 70 | / | 50 |
| Altar of Kings | 1 | 180 | / | 50 |
| Farm | 9 | 720 | / | 180 |
| Barracks | 1 | 160 | / | 60 |
| Blacksmith | 1 | 140 | / | 60 |
| Lumber Mill | 1 | 120 | / | 0 |
| Arcane Vault | 1 | 130 | / | 30 |
| Workshop | 1 | 140 | / | 140 |
| Keep | 1 | 320 | / | 210 |
| Castle | 1 | 360 | / | 210 |
| total: | 17 | 1650g | / | 560w |
| 0:04 | Peasant |
| 0:04 | Peasant |
| 0:11 | Altar of Kings |
| 0:22 | Farm |
| 0:25 | Peasant |
| 0:31 | Peasant |
| 1:04 | Barracks |
| 1:14 | Peasant |
| 1:33 | Peasant |
| 1:53 | Blacksmith |
| 2:00 | Farm |
| 2:04 | Peasant |
| 2:05 | Peasant |
| 2:13 | Scout Tower |
| 2:18 | Scout Tower |
| 2:25 | Holy Light |
| 2:37 | Peasant |
| 2:37 | Peasant |
| 3:03 | Rifleman |
| 3:12 | Rifleman |
| 3:22 | Rifleman |
| 3:31 | Rifleman |
| 4:16 | Farm |
| 4:17 | Keep |
| 4:31 | Farm |
| 4:39 | Black Gunpowder |
| 5:07 | Rifleman |
| 5:20 | Rifleman |
| 5:37 | Lumber Mill |
| 5:40 | Arcane Tower |
| 5:49 | Arcane Vault |
| 6:07 | Farm |
| 6:11 | Farm |
| 6:23 | Devotion Aura |
| 7:05 | Long Rifles |
| 7:12 | Workshop |
| 7:44 | Rifleman |
| 7:54 | Farm |
| 7:58 | Scroll of Town Portal |
| 7:58 | Lesser Clarity Potion |
| 7:59 | Scroll of Regeneration |
| 8:34 | Rifleman |
| 8:34 | Mortar Team |
| 9:25 | Mortar Team |
| 9:37 | Holy Light |
| 9:47 | Farm |
| 9:50 | Farm |
| 9:52 | Castle |
| 10:01 | Flame Strike |
| 10:26 | Refined Gunpowder |
| 11:48 | Siphon Mana |
| 11:54 | Mortar Team |
| 11:54 | Mortar Team |
| 12:33 | Fragmentation Shards |
| 12:37 | Imbued Gunpowder |
44 units @ 6.2k
/ 0.7k
31 buildings @ 3.4k
/ 1k


| Scroll of Regeneration | 3 | 300 |
| Lesser Clarity Potion | 2 | 140 |
| Scroll of Town Portal | 1 | 350 |
| Scroll of Protection | 1 | 150 |
| Rod of Necromancy | 1 | 150 |
| total: | 8 | 1090g |
| Peasant | 10 | 750 | / | 0 |
| Footman | 8 | 1080 | / | 0 |
| Rifleman | 2 | 410 | / | 60 |
| total: | 20 | 2240g | / | 60w |
| Scout Tower | 5 | 150 | / | 100 |
| Arcane Tower | 1 | 70 | / | 50 |
| Guard Tower | 3 | 210 | / | 150 |
| Altar of Kings | 1 | 180 | / | 50 |
| Farm | 11 | 880 | / | 220 |
| Barracks | 1 | 160 | / | 60 |
| Arcane Vault | 1 | 130 | / | 30 |
| Blacksmith | 1 | 140 | / | 60 |
| Lumber Mill | 1 | 120 | / | 0 |
| Keep | 1 | 320 | / | 210 |
| total: | 21 | 1760g | / | 520w |
| 0:03 | Peasant |
| 0:03 | Peasant |
| 0:08 | Altar of Kings |
| 0:13 | Farm |
| 0:16 | Barracks |
| 0:28 | Peasant |
| 0:48 | Peasant |
| 1:04 | Peasant |
| 1:19 | Farm |
| 1:20 | Peasant |
| 1:31 | Footman |
| 1:36 | Peasant |
| 1:47 | Farm |
| 1:54 | Scout Tower |
| 1:57 | Footman |
| 2:09 | Farm |
| 2:21 | Footman |
| 2:25 | Arcane Tower |
| 2:33 | Peasant |
| 2:38 | Storm Bolt |
| 3:01 | Footman |
| 3:03 | Peasant |
| 3:17 | Farm |
| 3:25 | Bash |
| 3:40 | Footman |
| 3:43 | Arcane Vault |
| 4:04 | Footman |
| 4:27 | Rod of Necromancy |
| 5:05 | Keep |
| 5:06 | Scroll of Regeneration |
| 5:08 | Lesser Clarity Potion |
| 5:08 | Scroll of Regeneration |
| 5:11 | Lesser Clarity Potion |
| 5:26 | Farm |
| 5:29 | Footman |
| 5:33 | Blacksmith |
| 5:46 | Scout Tower |
| 5:48 | Scout Tower |
| 5:49 | Scout Tower |
| 5:50 | Scout Tower |
| 5:57 | Footman |
| 7:01 | Lumber Mill |
| 7:16 | Iron Forged Swords |
| 7:18 | Rifleman |
| 7:21 | Farm |
| 7:28 | Rifleman |
| 8:10 | Storm Bolt |
| 8:25 | Scroll of Town Portal |
| 8:26 | Scroll of Protection |
| 8:33 | Guard Tower |
| 8:36 | Peasant |
| 8:48 | Scroll of Regeneration |
| 9:19 | Holy Light |
| 9:31 | Guard Tower |
| 9:33 | Farm |
| 9:36 | Improved Masonry |
| 9:51 | Farm |
| 9:53 | Farm |
| 9:53 | Farm |
| 10:11 | Long Rifles |
| 11:12 | Divine Shield |

| Rod of Necromancy | 2 | 300 |
| total: | 2 | 300g |
| Acolyte | 6 | 450 | / | 0 |
| Ghoul | 3 | 360 | / | 0 |
| Crypt Fiend | 13 | 2795 | / | 520 |
| Obsidian Statue | 2 | 400 | / | 70 |
| total: | 24 | 4005g | / | 590w |
| Spirit Tower | 1 | 145 | / | 40 |
| Crypt | 1 | 200 | / | 50 |
| Altar of Darkness | 1 | 180 | / | 50 |
| Ziggurat | 5 | 750 | / | 250 |
| Graveyard | 1 | 215 | / | 0 |
| Tomb of Relics | 1 | 130 | / | 30 |
| Slaughterhouse | 1 | 140 | / | 135 |
| Halls of the Dead | 1 | 320 | / | 210 |
| Black Citadel | 1 | 325 | / | 230 |
| total: | 10 | 1615g | / | 515w |
| 0:03 | Acolyte |
| 0:09 | Crypt |
| 0:16 | Altar of Darkness |
| 0:28 | Ziggurat |
| 0:37 | Acolyte |
| 1:15 | Graveyard |
| 1:31 | Tomb of Relics |
| 1:41 | Ghoul |
| 1:56 | Ghoul |
| 2:24 | Ziggurat |
| 2:44 | Crypt Fiend |
| 2:48 | Rod of Necromancy |
| 3:19 | Death Coil |
| 3:25 | Crypt Fiend |
| 3:55 | Crypt Fiend |
| 4:00 | Ziggurat |
| 4:26 | Crypt Fiend |
| 5:16 | Crypt Fiend |
| 5:20 | Halls of the Dead |
| 5:22 | Ziggurat |
| 5:47 | Crypt Fiend |
| 5:55 | Creature Attack |
| 6:16 | Spirit Tower |
| 6:30 | Crypt Fiend |
| 7:14 | Ghoul |
| 7:15 | Crypt Fiend |
| 7:47 | Crypt Fiend |
| 7:56 | Slaughterhouse |
| 7:59 | Ziggurat |
| 8:05 | Unholy Aura |
| 8:23 | Improved Creature Attack |
| 8:55 | Web |
| 9:01 | Obsidian Statue |
| 9:02 | Obsidian Statue |
| 9:48 | Crypt Fiend |
| 9:53 | Crypt Fiend |
| 9:58 | Black Citadel |
| 10:04 | Acolyte |
| 10:04 | Acolyte |
| 10:04 | Acolyte |
| 10:05 | Acolyte |
| 12:09 | Death Coil |
| 12:25 | Crypt Fiend |
| 12:26 | Crypt Fiend |
| 12:44 | Rod of Necromancy |